| TOP OF THE 1ST |
|
Fresno Grizzlies batting - Pitching for Buffalo Bisons : RHP Edward Saunders
|
|
Pitching: RHP Edward Saunders
|
|
|
Batting: LHB Danny Wolver
|
0-0: Ball 1-0: Ball 2-0: TRIPLE (Line Drive, 89XD, EV 104.4 MPH)
|
|
Batting: LHB Mark Dearth
|
0-0: Swinging Strike 0-1: Swinging Strike 0-2: Ball 1-2: Strikes out looking
|
|
Batting: LHB Josh Birkner
|
0-0: Foul Ball, location: 2F 0-1: Swinging Strike 0-2: Fly out, F5 (Popup, 6, EV 79.4 MPH)
|
|
Batting: SHB Paskar Adegoke
|
0-0: Ball 1-0: Called Strike 1-1: Ball 2-1: Foul Ball, location: 2F 2-2: Strikes out swinging, 2-3 out at first.
|
| Top of the 1st over - 0 runs, 1 hit, 0 errors, 1 left on base; Fresno 0 - Buffalo 0 |
| BOTTOM OF THE 1ST |
|
Buffalo Bisons batting - Pitching for Fresno Grizzlies : RHP Scott Spillman
|
|
Pitching: RHP Scott Spillman
|
|
|
Batting: SHB Bran Stark
|
0-0: Ball 1-0: Called Strike 1-1: Foul Ball, location: 2F 1-2: Ground out 1-3 (Groundball, 13, EV 66.9 MPH)
|
|
Batting: RHB Alex Ramos
|
0-0: Ball 1-0: Called Strike 1-1: Called Strike 1-2: Foul Ball, location: 2F 1-2: Ground out 1-3 (Groundball, 13S, EV 66.9 MPH)
|
|
Batting: RHB Bill Murray
|
0-0: Ball 1-0: SINGLE (Groundball, 6MD, EV 99.4 MPH)
|
|
Batting: LHB Isto Mäyrä
|
0-0: Swinging Strike 0-1: Foul Ball, location: 2F 0-2: Ball 1-2: Foul Ball, location: 2F 1-2: Foul Ball, location: 2F 1-2: Ball 2-2: Ground out 5-3 (Groundball, 56D, EV 89.4 MPH)
|
| Bottom of the 1st over - 0 runs, 1 hit, 0 errors, 1 left on base; Fresno 0 - Buffalo 0 |
| TOP OF THE 2ND |
|
Fresno Grizzlies batting - Pitching for Buffalo Bisons : RHP Edward Saunders
|
|
Batting: RHB Bruce Bermudez
|
0-0: Ball 1-0: Swinging Strike 1-1: Swinging Strike 1-2: Ball 2-2: Strikes out swinging
|
|
Batting: RHB Sam Spohn
|
0-0: Ball 1-0: SOLO HOME RUN (Flyball, 9D, EV 96.9 MPH), Distance : 360 ft
|
|
Batting: RHB Masaru Konno
|
0-0: Called Strike 0-1: Ground out 4-3 (Groundball, 4, EV 102.5 MPH)
|
|
Batting: RHB Nick Deegan
|
0-0: Called Strike 0-1: Ball 1-1: Swinging Strike 1-2: Foul Ball, location: 2F 1-2: Foul Ball, location: 2F 1-2: Ball 2-2: Strikes out swinging
|
| Top of the 2nd over - 1 run, 1 hit, 0 errors, 0 left on base; Fresno 1 - Buffalo 0 |
| BOTTOM OF THE 2ND |
|
Buffalo Bisons batting - Pitching for Fresno Grizzlies : RHP Scott Spillman
|
|
Batting: RHB Leo Mair
|
0-0: Ball 1-0: Ball 2-0: Ball 3-0: Base on Balls
|
|
Batting: RHB Väinö Tapaninen
|
0-0: Ball 1-0: Ball 2-0: Ball 3-0: Base on Balls Leo Mair to second
|
|
Batting: RHB Danny Eberhart
|
0-0: Called Strike 0-1: Ball 1-1: Grounds into double play, 5-4-3 (Groundball, 56S, EV 86.9 MPH) Leo Mair to third
|
|
Batting: RHB Danny Heyer
|
0-0: Ball 1-0: Called Strike 1-1: Foul Ball, location: 2F 1-2: Ball 2-2: Foul Ball, location: 2F 2-2: Foul Ball, location: 2F 2-2: Strikes out swinging
|
| Bottom of the 2nd over - 0 runs, 0 hits, 0 errors, 1 left on base; Fresno 1 - Buffalo 0 |
| TOP OF THE 3RD |
|
Fresno Grizzlies batting - Pitching for Buffalo Bisons : RHP Edward Saunders
|
|
Batting: SHB Ryan Chicoine
|
0-0: Foul Ball, location: 2F 0-1: Ball 1-1: SINGLE (Groundball, 4MD, EV 105.6 MPH)
|
|
Batting: LHB Danny Wolver
|
0-0: Ball Ryan Chicoine steals 2nd base (no throw) 1-0: 2-RUN HOME RUN (Flyball, 9D, EV 103.8 MPH), Distance : 381 ft
|
|
Batting: LHB Mark Dearth
|
0-0: Ball 1-0: Ball 2-0: Foul Ball, location: 2F 2-1: Foul Ball, location: 2F 2-2: SOLO HOME RUN (Flyball, 9D, EV 98.8 MPH), Distance : 359 ft
|
|
Batting: LHB Josh Birkner
|
0-0: Called Strike 0-1: Swinging Strike 0-2: Strikes out swinging
|
|
Batting: SHB Paskar Adegoke
|
0-0: Called Strike 0-1: Ground out 1-3 (Groundball, 13S, EV 75.0 MPH)
|
|
Batting: RHB Bruce Bermudez
|
0-0: Called Strike 0-1: Ball 1-1: Ball 2-1: Called Strike 2-2: Ball 3-2: Fly out, F9 (Flyball, 89M, EV 79.4 MPH)
|
| Top of the 3rd over - 3 runs, 3 hits, 0 errors, 0 left on base; Fresno 4 - Buffalo 0 |
| BOTTOM OF THE 3RD |
|
Buffalo Bisons batting - Pitching for Fresno Grizzlies : RHP Scott Spillman
|
|
Batting: RHB Ben Zeiler
|
0-0: Ball 1-0: SINGLE (Groundball, 56, EV 99.4 MPH) (infield hit)
|
|
Batting: SHB Bran Stark
|
0-0: Ball 1-0: Called Strike 1-1: Foul Ball, location: 2F 1-2: Ball 2-2: Ball 3-2: Foul Ball, location: 2F 3-2: Foul Ball, location: 2F 3-2: Base on Balls Ben Zeiler to second
|
|
Batting: RHB Alex Ramos
|
0-0: Ball 1-0: Foul Ball, location: 2F 1-1: Swinging Strike 1-2: Strikes out swinging
|
|
Batting: RHB Bill Murray
|
0-0: Fly out, F8 (Line Drive, 8RM, EV 91.9 MPH)
|
|
Batting: LHB Isto Mäyrä
|
0-0: Fly out, F9 (Line Drive, 9S, EV 93.8 MPH)
|
| Bottom of the 3rd over - 0 runs, 1 hit, 0 errors, 2 left on base; Fresno 4 - Buffalo 0 |
| TOP OF THE 4TH |
|
Fresno Grizzlies batting - Pitching for Buffalo Bisons : RHP Edward Saunders
|
|
Batting: RHB Sam Spohn
|
0-0: Called Strike 0-1: Swinging Strike 0-2: Strikes out looking
|
|
Batting: RHB Masaru Konno
|
0-0: Ball 1-0: Ball 2-0: Called Strike 2-1: Ball 3-1: Ground out 5-3 (Groundball, 56S, EV 90.0 MPH)
|
|
Batting: RHB Nick Deegan
|
0-0: Ball 1-0: Swinging Strike 1-1: Foul Ball, location: 2F 1-2: Ground out 5-3 (Groundball, 5L, EV 93.1 MPH)
|
| Top of the 4th over - 0 runs, 0 hits, 0 errors, 0 left on base; Fresno 4 - Buffalo 0 |
| BOTTOM OF THE 4TH |
|
Buffalo Bisons batting - Pitching for Fresno Grizzlies : RHP Scott Spillman
|
|
Batting: RHB Leo Mair
|
0-0: Ball 1-0: Called Strike 1-1: Foul Ball, location: 2F 1-2: Strikes out swinging
|
|
Batting: RHB Väinö Tapaninen
|
0-0: Ball 1-0: Swinging Strike 1-1: Foul Ball, location: 2F 1-2: Strikes out looking
|
|
Batting: RHB Danny Eberhart
|
0-0: Ground out 4-3 (Groundball, 4, EV 78.1 MPH)
|
| Bottom of the 4th over - 0 runs, 0 hits, 0 errors, 0 left on base; Fresno 4 - Buffalo 0 |
| TOP OF THE 5TH |
|
Fresno Grizzlies batting - Pitching for Buffalo Bisons : RHP Edward Saunders
|
|
Batting: SHB Ryan Chicoine
|
0-0: Called Strike 0-1: Ball 1-1: Ground out 4-3 (Groundball, 34D, EV 101.2 MPH)
|
|
Batting: LHB Danny Wolver
|
0-0: Ground out 5-3 (Groundball, 5S, EV 93.1 MPH)
|
|
Batting: LHB Mark Dearth
|
0-0: Ball 1-0: Ball 2-0: Fly out, F4 (Flyball, 4D, EV 88.1 MPH)
|
| Top of the 5th over - 0 runs, 0 hits, 0 errors, 0 left on base; Fresno 4 - Buffalo 0 |
| BOTTOM OF THE 5TH |
|
Buffalo Bisons batting - Pitching for Fresno Grizzlies : RHP Scott Spillman
|
|
Batting: RHB Danny Heyer
|
0-0: Ball 1-0: Swinging Strike 1-1: Foul Ball, location: 2F 1-2: Foul Ball, location: 2F 1-2: Foul Ball, location: 2F 1-2: Foul Ball, location: 2F 1-2: Foul Ball, location: 2F 1-2: Foul Ball, location: 2F 1-2: Ball 2-2: Ball 3-2: Fly out, F9 (Flyball, 9D, EV 97.5 MPH)
|
|
Batting: RHB Ben Zeiler
|
0-0: Ball 1-0: DOUBLE (Flyball, 89XD, EV 115.0 MPH)
|
|
Batting: SHB Bran Stark
|
0-0: Ground out 5-3 (Groundball, 56, EV 82.5 MPH)
|
|
Batting: RHB Alex Ramos
|
0-0: Called Strike 0-1: Called Strike 0-2: Ball 1-2: Ball 2-2: Foul Ball, location: 2F 2-2: Fly out, F8 (Flyball, 78S, EV 85.6 MPH)
|
| Bottom of the 5th over - 0 runs, 1 hit, 0 errors, 1 left on base; Fresno 4 - Buffalo 0 |
| TOP OF THE 6TH |
|
Fresno Grizzlies batting - Pitching for Buffalo Bisons : RHP Edward Saunders
|
|
Batting: LHB Josh Birkner
|
0-0: Ball 1-0: Ground out 6-3 (Groundball, 4, EV 85.6 MPH)
|
|
Batting: SHB Paskar Adegoke
|
0-0: Ball 1-0: Foul Ball, location: 2F 1-1: Ball 2-1: Ball 3-1: Foul Ball, location: 2F 3-2: Strikes out swinging
|
|
Batting: RHB Bruce Bermudez
|
0-0: Ball 1-0: Ball 2-0: Ball 3-0: Base on Balls
|
|
Batting: RHB Sam Spohn
|
0-0: Foul Ball, location: 2F 0-1: Ground out 5-3 (Groundball, 56S, EV 75.0 MPH)
|
| Top of the 6th over - 0 runs, 0 hits, 0 errors, 1 left on base; Fresno 4 - Buffalo 0 |
| BOTTOM OF THE 6TH |
|
Buffalo Bisons batting - Pitching for Fresno Grizzlies : RHP Scott Spillman
|
|
Batting: RHB Bill Murray
|
0-0: DOUBLE (Line Drive, 78D, EV 103.1 MPH)
|
|
Batting: LHB Isto Mäyrä
|
0-0: Foul Ball, location: 2F 0-1: Foul Ball, location: 2F 0-2: Fly out, F6 (Line Drive, 6M, EV 66.9 MPH)
|
|
Batting: RHB Leo Mair
|
0-0: Ball 1-0: SINGLE (Groundball, 4MD, EV 96.2 MPH) Bill Murray to third
|
|
Batting: RHB Väinö Tapaninen
|
0-0: SINGLE (Groundball, 34D, EV 95.0 MPH) Bill Murray scores Leo Mair to second Runner from 2nd tries for 3rd, SAFE, throw by RF made to third Väinö Tapaninen to second
|
|
Batting: RHB Danny Eberhart
|
0-0: Ball 1-0: Ball 2-0: Ball 3-0: Called Strike 3-1: Foul Ball, location: 2F 3-2: SINGLE (Flyball, 4D, EV 98.1 MPH) Leo Mair scores Väinö Tapaninen to third
|
|
Pitching: RHP Angel Cerros
|
|
|
Pinch Hitting: LHB Jack Bell
|
0-0: Ball 1-0: Foul Ball, location: 2F 1-1: Called Strike 1-2: Foul Ball, location: 2F 1-2: Ball 2-2: Ground out 4-3 (Groundball, 34D, EV 102.5 MPH) Väinö Tapaninen scores Danny Eberhart to second
|
|
Batting: RHB Ben Zeiler
|
0-0: Ball 1-0: Called Strike 1-1: Called Strike 1-2: Foul Ball, location: 2F 1-2: Foul Ball, location: 2F 1-2: Ground out 6-3 (Groundball, 6, EV 100.6 MPH)
|
| Bottom of the 6th over - 3 runs, 4 hits, 0 errors, 1 left on base; Fresno 4 - Buffalo 3 |
| TOP OF THE 7TH |
|
Fresno Grizzlies batting - Pitching for Buffalo Bisons : RHP Edward Saunders
|
|
Now at 3B: Dusty Thompson
|
|
|
Batting: RHB Masaru Konno
|
0-0: Ground out 5-3 (Groundball, 5, EV 96.2 MPH)
|
|
Batting: RHB Nick Deegan
|
0-0: Ball 1-0: Ground out 1-3 (Groundball, 13, EV 70.0 MPH)
|
|
Batting: SHB Ryan Chicoine
|
0-0: DOUBLE (Groundball, 3L, EV 102.5 MPH)
|
|
Batting: LHB Danny Wolver
|
0-0: Ball 1-0: Ball 2-0: Ball 3-0: Base on Balls
|
|
Batting: LHB Mark Dearth
|
0-0: Ball 1-0: Ball 2-0: Foul Ball, location: 2F 2-1: Swinging Strike 2-2: Fly out, F8 (Flyball, 8LM, EV 86.9 MPH)
|
| Top of the 7th over - 0 runs, 1 hit, 0 errors, 2 left on base; Fresno 4 - Buffalo 3 |
| BOTTOM OF THE 7TH |
|
Buffalo Bisons batting - Pitching for Fresno Grizzlies : RHP Angel Cerros
|
|
Batting: SHB Bran Stark
|
0-0: Ball 1-0: Foul Ball, location: 2F 1-1: Ball 2-1: Ball 3-1: Foul Ball, location: 2F 3-2: Strikes out looking
|
|
Batting: RHB Alex Ramos
|
0-0: Swinging Strike 0-1: Foul Ball, location: 2F 0-2: Foul Ball, location: 2F 0-2: Ball 1-2: Strikes out swinging
|
|
Pitching: RHP Alex Salinas
|
|
|
Batting: RHB Bill Murray
|
0-0: Called Strike 0-1: Ball 1-1: Ball 2-1: Called Strike 2-2: Ball 3-2: Foul Ball, location: 2F 3-2: DOUBLE (Flyball, 78D, EV 91.9 MPH)
|
|
Batting: LHB Isto Mäyrä
|
0-0: Ball Wild Pitch! Bill Murray to third 1-0: Called Strike 1-1: Ball 2-1: Foul Ball, location: 2F 2-2: Ball 3-2: Base on Balls
|
|
Pinch Hitting: LHB Michael Byrd
|
0-0: Swinging Strike 0-1: Foul Ball, location: 2F 0-2: Fly out, F8 (Flyball, 8LM, EV 91.2 MPH)
|
| Bottom of the 7th over - 0 runs, 1 hit, 0 errors, 2 left on base; Fresno 4 - Buffalo 3 |
| TOP OF THE 8TH |
|
Fresno Grizzlies batting - Pitching for Buffalo Bisons : RHP Edward Saunders
|
|
Now at 2B: Michael Byrd
|
|
|
Batting: LHB Josh Birkner
|
0-0: Ground out 4-3 (Groundball, 4, EV 98.8 MPH)
|
|
Batting: SHB Paskar Adegoke
|
0-0: Ground out U3 (Groundball, 3S, EV 84.4 MPH)
|
|
Batting: RHB Bruce Bermudez
|
0-0: Ball 1-0: Ball 2-0: Ball 3-0: Called Strike 3-1: Base on Balls
|
|
Batting: RHB Sam Spohn
|
0-0: Ball 1-0: Swinging Strike 1-1: Called Strike Bruce Bermudez is caught stealing 2nd base 2-4
|
| Top of the 8th over - 0 runs, 0 hits, 0 errors, 0 left on base; Fresno 4 - Buffalo 3 |
| BOTTOM OF THE 8TH |
|
Buffalo Bisons batting - Pitching for Fresno Grizzlies : RHP Alex Salinas
|
|
Batting: RHB Väinö Tapaninen
|
0-0: Ball 1-0: Ball 2-0: Ball 3-0: Base on Balls
|
|
Batting: RHB Danny Eberhart
|
0-0: Ball Väinö Tapaninen steals 2nd base 1-0: Called Strike 1-1: Ball 2-1: Ball 3-1: Swinging Strike 3-2: Strikes out swinging
|
|
Batting: RHB Dusty Thompson
|
0-0: Called Strike 0-1: Ball 1-1: Foul Ball, location: 2F 1-2: Ball 2-2: SINGLE (Line Drive, 4D, EV 95.6 MPH) Väinö Tapaninen to third Runner from 3rd tries for Home, SAFE, throw by CF to home
|
|
Pinch Runner at 1st Bobby Lasaguna:
|
|
|
Batting: RHB Ben Zeiler
|
0-0: Ball 1-0: Ball Bobby Lasaguna steals 2nd base 2-0: Ground out 6-3 (Groundball, 6, EV 93.1 MPH) Bobby Lasaguna to third
|
|
Batting: SHB Bran Stark
|
0-0: Called Strike 0-1: Ground out 6-3 (Groundball, 6, EV 85.0 MPH)
|
| Bottom of the 8th over - 1 run, 1 hit, 0 errors, 1 left on base; Fresno 4 - Buffalo 4 |
| TOP OF THE 9TH |
|
Fresno Grizzlies batting - Pitching for Buffalo Bisons : RHP Edward Saunders
|
|
Pitching: LHP Mario Amore
|
|
|
Now at 2B: Zhi-bin Ou-yang
|
|
|
Now at 3B: Michael Byrd
|
|
|
Batting: RHB Sam Spohn
|
0-0: Ball 1-0: Ball 2-0: Swinging Strike 2-1: Ball 3-1: Foul Ball, location: 2F 3-2: Strikes out swinging
|
|
Batting: RHB Masaru Konno
|
0-0: Ball 1-0: Ball 2-0: Foul Ball, location: 2F 2-1: Foul Ball, location: 2F 2-2: Fly out, F7 (Flyball, 78D, EV 100.6 MPH)
|
|
Batting: RHB Nick Deegan
|
0-0: Called Strike 0-1: Called Strike 0-2: Strikes out swinging
|
| Top of the 9th over - 0 runs, 0 hits, 0 errors, 0 left on base; Fresno 4 - Buffalo 4 |
| BOTTOM OF THE 9TH |
|
Buffalo Bisons batting - Pitching for Fresno Grizzlies : RHP Alex Salinas
|
|
Pitching: RHP Jordan Tejeda
|
|
|
Batting: RHB Alex Ramos
|
0-0: Fly out, F9 (Flyball, 89M, EV 94.4 MPH)
|
|
Batting: RHB Bill Murray
|
0-0: Swinging Strike 0-1: Foul Ball, location: 2F 0-2: Strikes out looking
|
|
Batting: LHB Isto Mäyrä
|
0-0: Ball 1-0: Called Strike 1-1: Foul Ball, location: 2F 1-2: Ball 2-2: Ball 3-2: Fly out, F9 (Line Drive, 9S, EV 87.5 MPH)
|
| Bottom of the 9th over - 0 runs, 0 hits, 0 errors, 0 left on base; Fresno 4 - Buffalo 4 |
| TOP OF THE 10TH |
|
Fresno Grizzlies batting - Pitching for Buffalo Bisons : LHP Mario Amore
|
|
Batting: SHB Ryan Chicoine
|
0-0: Called Strike 0-1: Ground out U3 (Groundball, 3, EV 85.0 MPH)
|
|
Batting: LHB Danny Wolver
|
0-0: Ball 1-0: Ball 2-0: Called Strike 2-1: Swinging Strike 2-2: Strikes out swinging
|
|
Batting: LHB Mark Dearth
|
0-0: Ball 1-0: Ball 2-0: Swinging Strike 2-1: Called Strike 2-2: Strikes out looking
|
| Top of the 10th over - 0 runs, 0 hits, 0 errors, 0 left on base; Fresno 4 - Buffalo 4 |
| BOTTOM OF THE 10TH |
|
Buffalo Bisons batting - Pitching for Fresno Grizzlies : RHP Jordan Tejeda
|
|
Pitching: RHP Mike Hurst
|
|
|
Batting: LHB Michael Byrd
|
0-0: Called Strike 0-1: Swinging Strike 0-2: Ball 1-2: Foul Ball, location: 2F 1-2: Ball 2-2: Ball 3-2: Ground out 1-3 (Groundball, 13S, EV 63.1 MPH)
|
|
Batting: RHB Väinö Tapaninen
|
0-0: Foul Ball, location: 2F 0-1: Ground out 4-3 (Groundball, 4, EV 81.9 MPH)
|
|
Batting: RHB Danny Eberhart
|
0-0: Ball 1-0: Ground out U3 (Groundball, 3L, EV 103.8 MPH)
|
| Bottom of the 10th over - 0 runs, 0 hits, 0 errors, 0 left on base; Fresno 4 - Buffalo 4 |
| TOP OF THE 11TH |
|
Fresno Grizzlies batting - Pitching for Buffalo Bisons : LHP Mario Amore
|
|
Batting: LHB Josh Birkner
|
0-0: Ball 1-0: Ball 2-0: Foul Ball, location: 2F 2-1: Called Strike 2-2: Foul Ball, location: 2F 2-2: Ball 3-2: Ground out 6-3 (Groundball, 6M, EV 104.4 MPH)
|
|
Batting: SHB Paskar Adegoke
|
0-0: Swinging Strike 0-1: Foul Ball, location: 2F 0-2: Strikes out swinging
|
|
Batting: RHB Bruce Bermudez
|
0-0: Ball 1-0: Foul Ball, location: 2F 1-1: SINGLE (Groundball, 4MD, EV 96.2 MPH)
|
|
Pitching: RHP Luis Bautista
|
|
|
Batting: RHB Sam Spohn
|
0-0: Ball 1-0: Fielders Choice at 2nd, U4 (Groundball, 4M, EV 97.5 MPH)
|
| Top of the 11th over - 0 runs, 1 hit, 0 errors, 1 left on base; Fresno 4 - Buffalo 4 |
| BOTTOM OF THE 11TH |
|
Buffalo Bisons batting - Pitching for Fresno Grizzlies : RHP Mike Hurst
|
|
Batting: RHB Zhi-bin Ou-yang
|
0-0: Ball 1-0: Ball 2-0: Ground out 5-3 (Groundball, 56, EV 86.9 MPH)
|
|
Batting: RHB Ben Zeiler
|
0-0: Called Strike 0-1: Foul Ball, location: 2F 0-2: Foul Ball, location: 2F 0-2: Foul Ball, location: 2F 0-2: Ground out 6-3 (Groundball, 56, EV 81.2 MPH)
|
|
Batting: SHB Bran Stark
|
0-0: TRIPLE (Flyball, 89XD, EV 93.1 MPH)
|
|
Batting: RHB Alex Ramos
|
0-0: Ball 1-0: Ball 2-0: Foul Ball, location: 2F 2-1: Ball 3-1: Ground out 6-3 (Groundball, 6, EV 90.6 MPH)
|
| Bottom of the 11th over - 0 runs, 1 hit, 0 errors, 1 left on base; Fresno 4 - Buffalo 4 |
| TOP OF THE 12TH |
|
Fresno Grizzlies batting - Pitching for Buffalo Bisons : RHP Luis Bautista
|
|
Batting: RHB Masaru Konno
|
0-0: Ball 1-0: Ball 2-0: Fly out, F6 (Popup, P, EV 71.9 MPH)
|
|
Batting: RHB Nick Deegan
|
0-0: SINGLE (Groundball, 56D, EV 96.2 MPH)
|
|
Batting: SHB Ryan Chicoine
|
0-0: Ball 1-0: Ball 2-0: Ball 3-0: Called Strike 3-1: Base on Balls Nick Deegan to second
|
|
Batting: LHB Danny Wolver
|
0-0: Ball 1-0: Ball 2-0: Ball 3-0: Called Strike 3-1: Foul Ball, location: 2F 3-2: Fly out, F4 (Popup, 34S, EV 84.4 MPH)
|
|
Batting: LHB Mark Dearth
|
0-0: Ball 1-0: Fly out, F8 (Flyball, 8LD, EV 98.1 MPH)
|
| Top of the 12th over - 0 runs, 1 hit, 0 errors, 2 left on base; Fresno 4 - Buffalo 4 |
| BOTTOM OF THE 12TH |
|
Buffalo Bisons batting - Pitching for Fresno Grizzlies : RHP Mike Hurst
|
|
Batting: RHB Bill Murray
|
0-0: Ground out 5-3 (Groundball, 56S, EV 63.1 MPH)
|
|
Batting: LHB Isto Mäyrä
|
0-0: Called Strike 0-1: Ball 1-1: DOUBLE (Line Drive, 78M, EV 106.9 MPH)
|
|
Batting: LHB Michael Byrd
|
0-0: Intentional Walk
|
|
Batting: RHB Väinö Tapaninen
|
0-0: Called Strike 0-1: Foul Ball, location: 2F 0-2: Strikes out swinging
|
|
Batting: RHB Danny Eberhart
|
0-0: Foul Ball, location: 2F 0-1: Fly out, F9 (Flyball, 9, EV 83.1 MPH)
|
| Bottom of the 12th over - 0 runs, 1 hit, 0 errors, 2 left on base; Fresno 4 - Buffalo 4 |
| TOP OF THE 13TH |
|
Fresno Grizzlies batting - Pitching for Buffalo Bisons : RHP Luis Bautista
|
|
Batting: LHB Josh Birkner
|
0-0: Ball 1-0: Foul Ball, location: 2F 1-1: Ball 2-1: Ground out 2-3 (Groundball, 2L, EV 61.9 MPH)
|
|
Batting: SHB Paskar Adegoke
|
0-0: Called Strike 0-1: Ball 1-1: Ground out 6-3 (Groundball, 6, EV 93.8 MPH)
|
|
Batting: RHB Bruce Bermudez
|
0-0: Ground out 6-3 (Groundball, 6, EV 106.9 MPH)
|
| Top of the 13th over - 0 runs, 0 hits, 0 errors, 0 left on base; Fresno 4 - Buffalo 4 |
| BOTTOM OF THE 13TH |
|
Buffalo Bisons batting - Pitching for Fresno Grizzlies : RHP Mike Hurst
|
|
Batting: RHB Zhi-bin Ou-yang
|
0-0: Swinging Strike 0-1: Swinging Strike 0-2: Ball 1-2: Strikes out swinging
|
|
Batting: RHB Ben Zeiler
|
0-0: Ball 1-0: Ground out 6-3 (Groundball, 6, EV 106.9 MPH)
|
|
Batting: SHB Bran Stark
|
0-0: Called Strike 0-1: Ball 1-1: Ball 2-1: Ball 3-1: SINGLE (Line Drive, 6MD, EV 96.2 MPH)
|
|
Batting: RHB Alex Ramos
|
0-0: Ball Bran Stark steals 2nd base (no throw) 1-0: Called Strike 1-1: Ball 2-1: Ball 3-1: Swinging Strike 3-2: Foul Ball, location: 2F 3-2: Foul Ball, location: 2F 3-2: Foul Ball, location: 2F 3-2: Foul Ball, location: 2F 3-2: Ground out 6-3 (Groundball, 6, EV 91.9 MPH)
|
| Bottom of the 13th over - 0 runs, 1 hit, 0 errors, 1 left on base; Fresno 4 - Buffalo 4 |
| TOP OF THE 14TH |
|
Fresno Grizzlies batting - Pitching for Buffalo Bisons : RHP Luis Bautista
|
|
Pitching: RHP Mel Schultz
|
|
|
Batting: RHB Sam Spohn
|
0-0: Ball 1-0: Ball 2-0: SINGLE (Groundball, 5D, EV 105.6 MPH)
|
|
Batting: RHB Masaru Konno
|
0-0: Fly out, F3 (Popup, 34, EV 70.0 MPH)
|
|
Batting: RHB Nick Deegan
|
0-0: Ball 1-0: Sac Bunt to 13 - play at first, batter OUT! 1-3 Sam Spohn to second
|
|
Batting: SHB Ryan Chicoine
|
0-0: Called Strike 0-1: Called Strike 0-2: Strikes out swinging
|
| Top of the 14th over - 0 runs, 1 hit, 0 errors, 1 left on base; Fresno 4 - Buffalo 4 |
| BOTTOM OF THE 14TH |
|
Buffalo Bisons batting - Pitching for Fresno Grizzlies : RHP Mike Hurst
|
|
Pitching: RHP Tommy Cunningham
|
|
|
Batting: RHB Bill Murray
|
0-0: Called Strike 0-1: Foul Ball, location: 2F 0-2: Ball 1-2: Ball 2-2: Ball 3-2: Foul Ball, location: 2F 3-2: DOUBLE (Line Drive, 7LM, EV 101.2 MPH)
|
|
Batting: LHB Isto Mäyrä
|
0-0: Called Strike 0-1: Called Strike 0-2: Ball 1-2: Ball 2-2: Foul Ball, location: 2F 2-2: Ball 3-2: Base on Balls
|
|
Batting: LHB Michael Byrd
|
0-0: Ball 1-0: Ball 2-0: Fly out, F9 (Line Drive, 9, EV 103.1 MPH)
|
|
Batting: RHB Väinö Tapaninen
|
0-0: Ball 1-0: Ball 2-0: Called Strike 2-1: Ball 3-1: Base on Balls Bill Murray to third Isto Mäyrä to second
|
|
Batting: RHB Danny Eberhart
|
0-0: Ball 1-0: Fly out, F8 (Flyball, 8RM, EV 81.2 MPH) Runner from 3rd tags up, SCORES, throw by CF
|
| Bottom of the 14th over - 1 run, 1 hit, 0 errors, 2 left on base; Fresno 4 - Buffalo 5 |
|